AoeStats
← FthFth

Arena

510372828Analyzed
4v4 RM · 1d ago on Sep 30, 2026· 80m 42s· 8 players
Game mode
Random Map
Map size
Large (8 player)
Population
200
Speed
Normal
Resources
Standard
Victory
Conquest
Starting age
Dark Age
Ending age
Imperial Age
RankedLock teamsTeams togetherTeam positionsShared explorationLock speedFull tech treeHidden civsTurbo modeCheats
Victory
Defeat
🇹🇷 Bohemians · Türkiye
842
+13
🇺🇸 Persians · United States
818
+14
🇺🇸 Teutons · United States
774
+16
🇺🇸 Spanish · United States
723
+18
🇫🇷 Franks · France
790
-16
🇳🇱 Persians · Netherlands
773
-15
771
-15
🇦🇷 Huns · Argentina
762
-15
AlandorH
10:56 Feudal Age
20:02 Castle Age
17:49 Loom
19:06 Double-Bit Axe
19:13 Stone Mining
19:07 Horse Collar
21:25 Wheelbarrow
22:05 Bow Saw
26:17 Pikeman
27:54 Fervor
28:42 Squires
31:11 Gold Mining
35:39 Imperial Age
32:56 Town Watch
33:38 Heavy Plow
33:41 Fletching
33:52 Padded Archer Armor
34:01 Scale Barding Armor
34:10 Bloodlines
35:26 Husbandry
35:39 Marauders
35:57 Masonry
36:57 Chain Barding Armor
36:48 Forging
36:41 Sappers
37:33 Conscription
37:31 Caravan
41:09 Two-Man Saw
41:41 Iron Casting
42:21 Atheism
42:41 Guilds
44:28 Plate Barding Armor
44:54 Blast Furnace
44:54 Ballistics
45:50 Scale Mail Armor
45:46 Bodkin Arrow
46:59 Chemistry
46:58 Sanctity
47:39 Hand Cart
49:35 Crossbowman
50:21 Thumb Ring
49:44 Cavalier
57:33 Bracer
57:34 Padded Archer Armor
57:46 Light Cavalry
59:34 Leather Archer Armor
60:11 Hussar
65:04 Paladin
78:15 Town Patrol
YUNDARITO
10:56 Feudal Age
11:35 Double-Bit Axe
18:29 Castle Age
18:31 Gold Mining
18:32 Stone Mining
19:25 Bow Saw
22:13 Gold Shaft Mining
26:07 Treadmill Crane
26:48 Ballistics
27:14 Wheelbarrow
27:57 Fortified Wall
29:53 Hand Cart
29:53 Scale Mail Armor
30:12 Forging
31:09 Ordonnance Companies
34:34 Imperial Age
31:49 Ordonnance Companies
33:46 Iron Casting
33:27 Chain Mail Armor
33:25 Squires
33:11 Arson
34:14 Gambesons
34:28 Loom
34:29 Town Watch
35:12 Onager
35:37 Elite Throwing Axeman
36:56 Siege Engineers
37:56 Husbandry
38:36 Cavalier
41:25 Chemistry
39:57 Light Cavalry
44:50 Conscription
45:41 Masonry
46:26 Paladin
48:10 Architecture
51:48 Paladin
60:51 Plate Mail Armor
68:37 Man-at-Arms
69:41 Long Swordsman
72:17 Two-Handed Swordsman
73:42 Conscription
74:14 Champion
80:14 Blast Furnace
jelmermourik
11:44 Feudal Age
12:13 Horse Collar
12:25 Double-Bit Axe
21:31 Castle Age
19:57 Scale Barding Armor
20:03 Forging
21:46 Wheelbarrow
24:09 Bow Saw
24:03 Heavy Plow
24:33 Chain Barding Armor
24:49 Iron Casting
25:18 Hand Cart
24:38 Light Cavalry
25:29 Bloodlines
25:29 Gold Mining
31:16 Gold Shaft Mining
30:38 Loom
30:57 Crossbowman
31:43 Thumb Ring
31:42 Husbandry
32:38 Fletching
32:49 Padded Archer Armor
35:47 Leather Archer Armor
35:28 Bodkin Arrow
43:29 Imperial Age
42:31 Bodkin Arrow
43:04 Ballistics
44:24 Hussar
45:20 Kamandaran
44:54 Sappers
46:37 Chemistry
46:25 Plate Barding Armor
46:51 Blast Furnace
46:22 Ring Archer Armor
48:32 Two-Man Saw
48:14 Crop Rotation
47:35 Cavalier
49:12 Conscription
52:26 Savar
64:08 Elite War Elephant
japs cancel meal for starvation
10:56 Feudal Age
14:56 Castle Age
12:45 Double-Bit Axe
13:20 Horse Collar
15:52 Heavy Plow
16:05 Bow Saw
19:00 Loom
24:40 Treadmill Crane
25:58 Wheelbarrow
30:26 Imperial Age
28:32 Hand Cart
28:45 Fletching
28:55 Padded Archer Armor
28:53 Gold Mining
29:41 Bodkin Arrow
30:02 Leather Archer Armor
31:17 Gold Shaft Mining
30:50 Capped Ram
32:14 Ring Archer Armor
32:47 Chemistry
32:11 Ballistics
31:51 Elite Bolas Rider
34:11 Chemistry
34:10 Malon
34:31 Conscription
36:09 Butalmapu
41:54 Siege Engineers
44:28 Elite Skirmisher
52:22 Sappers
55:33 Onager
56:03 Onager
57:37 Onager
73:18 Crop Rotation
72:39 Stone Mining
72:14 Pikeman
72:56 Scale Mail Armor
73:06 Forging
74:14 Halberdier
75:29 Stone Shaft Mining
75:12 Caravan
runswithbeer644
10:37 Feudal Age
11:25 Double-Bit Axe
11:29 Horse Collar
15:52 Arson
15:28 Man-at-Arms
16:52 Bloodlines
18:21 Forging
21:28 Scale Mail Armor
21:34 Scale Barding Armor
22:43 Loom
25:21 Castle Age
23:34 Fletching
26:05 Husbandry
25:27 Light Cavalry
25:32 Pikeman
25:58 Gambesons
26:14 Squires
26:12 Long Swordsman
27:19 Bow Saw
27:22 Heavy Plow
28:58 Wheelbarrow
31:10 Iron Casting
32:36 Chain Mail Armor
32:42 Chain Barding Armor
33:23 Thumb Ring
35:57 Hand Cart
38:33 Imperial Age
36:20 Bodkin Arrow
36:26 Padded Archer Armor
36:40 Stone Mining
36:44 Gold Mining
38:58 Leather Archer Armor
38:20 Elite Skirmisher
41:17 Ballistics
41:08 Fortified Wall
41:59 Chemistry
42:10 Two-Man Saw
42:18 Blast Furnace
41:49 Plate Mail Armor
41:56 Plate Barding Armor
41:31 Two-Handed Swordsman
44:40 Conscription
44:16 Arrowslits
44:28 Murder Holes
46:05 Loom
45:56 Halberdier
47:45 Bracer
49:12 Stone Shaft Mining
49:24 Champion
49:37 Hussar
51:44 Ring Archer Armor
52:34 Elite Conquistador
54:32 Coinage
58:39 Masonry
71:46 Banking
71:26 Guilds
theTipsyAviator
11:05 Feudal Age
9:23 Loom
12:15 Fletching
12:17 Double-Bit Axe
12:18 Horse Collar
16:14 Padded Archer Armor
17:30 Wheelbarrow
20:18 Castle Age
18:40 Stone Mining
22:13 Kamandaran
24:47 Bow Saw
24:52 Heavy Plow
25:19 Crossbowman
28:22 Thumb Ring
29:14 Bodkin Arrow
31:05 Ballistics
30:44 Murder Holes
31:03 Gold Mining
32:40 Hand Cart
35:52 Imperial Age
36:41 Conscription
36:24 Elite Skirmisher
38:50 Chemistry
38:46 Forging
38:42 Scale Barding Armor
38:53 Leather Archer Armor
38:55 Pikeman
50:50 Husbandry
51:01 Bloodlines
52:38 Chemistry
51:34 Guard Tower
55:16 Caravan
55:35 Squires
56:58 Elite War Elephant
58:23 Iron Casting
61:23 Halberdier
61:46 Light Cavalry
63:44 Crop Rotation
64:27 Two-Man Saw
64:56 Blast Furnace
63:57 Scale Mail Armor
64:50 Hussar
71:58 Chain Barding Armor
72:02 Town Watch
Cdubs33
2:26 Loom
12:52 Feudal Age
13:22 Double-Bit Axe
13:19 Horse Collar
20:40 Castle Age
20:34 Forging
20:14 Fletching
20:29 Scale Mail Armor
20:30 Padded Archer Armor
20:45 Stone Mining
20:47 Gold Mining
22:04 Bow Saw
21:55 Heavy Plow
23:23 Caravan
25:41 Wheelbarrow
25:26 Elite Skirmisher
27:26 Gambesons
27:42 Squires
27:28 Arson
29:16 Hand Cart
30:02 Fervor
30:13 Sanctity
32:10 Iron Casting
31:51 Chain Mail Armor
32:22 Ballistics
32:14 Masonry
36:47 Imperial Age
34:04 Town Watch
34:53 Ironclad
35:51 Town Patrol
36:19 Pikeman
37:02 Elite Teutonic Knight
39:08 Chemistry
38:14 Halberdier
41:02 Two-Man Saw
40:34 Crop Rotation
41:17 Conscription
42:53 Blast Furnace
42:24 Plate Mail Armor
41:49 Bodkin Arrow
42:10 Leather Archer Armor
46:13 Siege Engineers
46:35 Leather Archer Armor
46:26 Scale Barding Armor
48:56 Hoardings
53:21 Crenellations
60:25 Sappers
66:09 Heavy Mounted Crossbowman
70:13 Bloodlines
70:45 Ring Archer Armor
71:27 Stone Shaft Mining
75:12 Chain Barding Armor
74:24 Cavalier
75:45 Paladin
FthFth
11:54 Feudal Age
16:02 Castle Age
14:37 Double-Bit Axe
14:36 Horse Collar
18:06 Bow Saw
22:55 Ballistics
26:59 Wheelbarrow
26:10 Town Watch
26:41 Forging
27:09 Heavy Plow
28:05 Murder Holes
28:05 Fletching
30:02 Chemistry
28:52 Pikeman
29:32 Squires
31:01 Hand Cart
30:47 Town Patrol
31:47 Arson
34:36 Imperial Age
31:54 Loom
34:44 Halberdier
36:19 Scale Mail Armor
36:55 Iron Casting
36:17 Bodkin Arrow
37:30 Two-Man Saw
37:37 Wagenburg Tactics
37:55 Conscription
44:36 Elite Skirmisher
46:30 Houfnice
54:06 Blast Furnace
53:22 Chain Mail Armor
53:08 Bracer
53:14 Scale Barding Armor
53:10 Padded Archer Armor
53:46 Siege Engineers
53:10 Elite Hussite Wagon
74:09 Hussite Reforms
75:13 Sanctity
75:31 Theocracy
75:23 Block Printing
75:22 Fervor
Connection lost

Rejoining the realm…

Still unreachable

The connection could not be restored.

Session expired

The server has moved on; the page needs a fresh start.